 Dungeon Sprint DCSS version 0.27.1-33-g824d729ab1 (webtiles) character file.

Game seed: 1255771259807140480

110 Adenis the Covert (level 4, 0/35 HPs)
             Began as a Vampire Brigand on Dec 4, 2021.
             Killed from afar by Sigmund (6 damage)
             ... with a magic dart
             ... in the Dungeon (Sprint I: "Red Sonja").
             The game lasted 00:00:16 (29 turns).

Adenis the Covert (Vampire Brigand)                   Turns: 29, Time: 00:00:17

Health: 0/35       AC:  3    Str: 10    XL:     4   Next: 61%
Magic:  4/4        EV: 12    Int: 13    God:
Gold:   0          SH:  0    Dex: 16    Spells: 3/3 levels left

rFire    . . .     SeeInvis +   a - +2 dagger
rCold    . . .     Faith    .   (no shield)
rNeg     . . .     Spirit   .   b - +0 robe
rPois    .         Reflect  .   (no helmet)
rElec    .         Harm     .   c - +0 cloak
rCorr    .         Rampage  .   (no gloves)
Will     .....     NoTele   +   (no boots)
Stlth    +++++.....             (no amulet)
HPRegen  0.31/turn              (no ring)
MPRegen  0.09/turn              (no ring)

@: on berserk cooldown, healing quickly, slowed, very slow
A: alive, fangs 3, see invisible, vampiric 2
a: Exsanguinate


You were in the Dungeon.
You visited 1 branch

Inventory:

Hand Weapons
 a - a +2 dagger (weapon)
Missiles
 d - 8 poisoned darts (quivered)
 e - 2 curare-tipped darts
Armour
 b - a +0 robe (worn)
 c - a +0 cloak (worn)
Scrolls
 k - a scroll of blinking
Potions
 f - a potion of curing
 g - a potion of heal wounds
 h - a potion of haste
 i - 2 potions of magic
 l - 2 potions of cancellation {unknown}


   Skills:
 + Level 3.0 Fighting
 + Level 3.8 Short Blades
 + Level 2.6 Throwing
 + Level 1.5 Dodging
 + Level 12.9 Stealth


You had 3 spell levels left.
You didn't know any spells.
Your spell library was empty.

Dungeon Overview and Level Annotations

Branches:
Dungeon (1/1)

Altars:

Annotations:
D Sigmund


Innate Abilities, Weirdness & Mutations

Your natural rate of healing is accelerated.
You have razor-sharp teeth.
You have supernaturally acute eyesight. (SInv)
You are afflicted with vampirism and can become a bat while bloodless.


Message History

Your Short Blades skill increases to level 3!
Your Stealth skill gained 3 levels and is now at level 12!
You have reached level 3!
Your experience leads to an increase in your attributes!
Increase (S)trength, (I)ntelligence, or (D)exterity?
You feel agile.
You can now turn into a vampire bat when bloodless.
You have reached level 4!
There is an open door, spattered with blood here.
You see here a +0 giant club.
You feel a strong urge to attack something.
You feel your anger nearly subside.
You are no longer berserk.
You are exhausted.
You feel yourself slow down.
You open the door.
Sigmund the Dreaded comes into view.
He is wielding a +0 scythe and carrying a wand of flame (18).
Sigmund shouts!
Sigmund barely misses you. Sigmund closely misses you.
There is an open door here.
You hit Sigmund.
Sigmund is lightly wounded.
You completely miss Sigmund.
Sigmund is lightly wounded.
Sigmund completely misses you.
You hit Sigmund.
Sigmund is lightly wounded.
Sigmund closely misses you.
You hit Sigmund.
Sigmund is moderately wounded.
Sigmund hits you with a +0 scythe!
* * * LOW HITPOINT WARNING * * *
You closely miss Sigmund.
Sigmund is moderately wounded.
Sigmund closely misses you.
You hit Sigmund.
Sigmund is moderately wounded.
Sigmund gestures at you while chanting. The magic dart hits you.
You die...

#############
#<.#.))..#..+
#..'..#..@@.#
#..#####+####
#..# #..#
#..# #⌠⌠#
####


You could see Sigmund.

Vanquished Creatures
  An ogre (D)
  Ijyb (D)
2 creatures vanquished.

Notes
Turn   | Place    | Note
-------+----------+-------------------------------------------
     0 | D        | Adenis the Vampire Brigand began the quest for the Orb.
     0 | D        | Reached XP level 1. HP: 16/16 MP: 1/1
     2 | D        | Noticed Ijyb
     6 | D        | Killed Ijyb
     7 | D        | Reached skill level 9 in Stealth
     7 | D        | Reached XP level 2. HP: 22/22 MP: 2/2
     9 | D        | Noticed an ogre
    17 | D        | Killed an ogre
    18 | D        | Reached skill level 12 in Stealth
    18 | D        | Gained mutation: You are afflicted with vampirism and can
                  | become a bat while bloodless. [Vampire growth]
    18 | D        | Reached XP level 3. HP: 11/29 MP: 3/3
    18 | D        | Reached XP level 4. HP: 13/35 MP: 4/4
    22 | D        | Noticed Sigmund
    29 | D        | Killed from afar by Sigmund

Illustrated notes

Levels and vault maps discovered:
D:        dungeon_sprint_1 [red_sonja_temple_1, red_sonja_temple_small_1]

Skill      XL: |  1  2 |
---------------+-------+-----
Fighting       | 2 3 |  3.0
Throwing       | 2 |  2.6
Stealth        | 9 12 | 12.9
Short Blades   | 3 |  3.8
Dodging        | |  1.5

Action                   |  1- 3 |  4- 6 || total
-------------------------+-------+-------++-------
Melee: Dagger            |     8 |     6 ||    14
  Use: Potion            |     1 |       ||     1
 Stab: Sleeping          |     1 |       ||     1
Dodge: Dodged            |     2 |     5 ||     7
